Senators vs Sabres

Created - December 8, 2015 at 19:04

Goals
1 2 3 T
Senators 0 0 0 0
Sabres 2 1 1 4
Shots
1 2 3 T
Senators 8 7 12 27
Sabres 4 13 12 29

1st period

1. Sabres , Thomas Vanek 10 (Kyle Turris, Oliver Ekman-Larsson) at 0:32
2. Sabres , Jacob Josefson 4 (Francois Beauchemin, Kris Versteeg) at 18:01

Penalties :
Lars Eller (BUF) for Slashing (Minor) at 14:41

2nd period

3. Sabres , Brayden Schenn 7 (Oliver Ekman-Larsson, Francois Beauchemin) at 17:09

Penalties :
Marc Methot (OTT) for Holding (Minor) at 2:53, Sidney Crosby (OTT) for Hooking (Minor) at 9:54, Nino Niederreiter (BUF) for Hooking (Minor) at 13:34, Nino Niederreiter (BUF) for Attempt to injure (Major / Game Misconduct) at 15:37, Marko Dano (OTT) for Goalie Interference (Minor) at 15:37

3rd period

4. Sabres , Kyle Turris 13 (Oliver Ekman-Larsson, Thomas Vanek) at 8:12

Penalties :
Francois Beauchemin (BUF) for Hooking (Minor) at 3:00, Jan Hejda (OTT) for Hooking (Minor) at 16:03

Goalie Stats

Andrew Hammond (OTT), 23 saves from 25 shots - (0.920), 41:59 minutes
Tuukka Rask (OTT), 2 saves from 4 shots - (0.500), L, 5-4-0, 18:01 minutes
Ondrej Pavelec (BUF), 27 saves from 27 shots - (1.000), W, 15-8-2, 60:00 minutes

Players Stats for Senators

Player Name              G  A  P  +/- PIM S  H  SB GA TA FO     MP     PP MP  PK MP  
------------------------------------------------------------------------------------
Chris Phillips           0  0  0  -2  0   1  1  2  0  0  0/0    11:56   0:48   3:19 
Devin Setoguchi          0  0  0   0  0   0  1  0  0  0  0/0     5:55   0:00   2:56 
Duncan Keith             0  0  0  -1  0   3  0  2  0  0  0/0    17:23   0:00   0:00 
Eric Staal               0  0  0  -2  0   2  0  0  0  0  0/1    22:20   3:49   0:00 
Jan Hejda                0  0  0  -1  2   1  1  1  0  0  0/0    20:55   3:03   1:39 
Jared Cowen              0  0  0  -3  0   3  2  0  0  0  0/0    18:36   3:59   2:16 
Jason Garrison           0  0  0   0  0   0  0  2  0  0  0/0    21:58   3:45   1:44 
Marc Methot              0  0  0  -1  2   2  3  0  0  0  0/0    19:44   1:13   2:16 
Mark Stone               0  0  0  -2  0   5  0  0  0  0  0/0    20:50   4:20   0:00 
Marko Dano               0  0  0   0  2   3  3  0  0  0  7/18   14:35   1:30   3:01 
Matt Read                0  0  0   0  0   0  1  0  0  0  3/3     6:10   0:15   2:56 
Mika Zibanejad           0  0  0  -2  0   1  1  0  0  0  0/0    20:02   4:03   0:00 
Mike Hoffman             0  0  0  -2  0   2  0  0  0  0  13/27  20:50   4:20   0:00 
Milan Michalek           0  0  0   0  0   0  1  0  0  0  1/1    11:47   0:15   3:01 
Pascal Dupuis            0  0  0  -1  0   1  4  0  0  0  1/2    19:35   3:57   0:00 
Sergei Gonchar           0  0  0   0  0   1  0  0  0  0  0/0     9:26   5:06   0:40 
Sidney Crosby            0  0  0  -2  2   1  1  0  0  0  9/24   21:27   4:22   0:00 
Steve Bernier            0  0  0   0  0   1  1  0  0  0  0/0     8:31   0:00   0:00 

Players Stats for Sabres

Player Name              G  A  P  +/- PIM S  H  SB GA TA FO     MP     PP MP  PK MP  
------------------------------------------------------------------------------------
Anthony Duclair          0  0  0   0  0   0  0  0  0  0  1/1     6:47   0:00   0:13 
Brad Boyes               0  0  0   0  0   1  0  0  0  0  10/16  12:35   0:06   5:55 
Brayden Schenn           1  0  1   2  0   2  6  1  0  0  0/2    19:14   3:09   3:43 
Braydon Coburn           0  0  0   2  0   5  1  0  0  0  0/0    17:49   2:49   0:00 
Daniel Winnik            0  0  0   1  0   2  4  1  0  0  1/2    19:30   0:00   5:33 
Francois Beauchemin      0  2  2   2  2   0  1  1  0  0  0/0    21:52   3:08   3:43 
Jacob Josefson           1  0  1   1  0   2  0  0  0  0  5/10   10:50   0:00   0:00 
Johnny Oduya             0  0  0   0  0   0  0  0  0  0  0/0    16:50   0:00   4:46 
Josh Gorges              0  0  0   1  0   0  1  0  0  0  0/0    21:22   0:00   3:01 
Kris Versteeg            0  1  1   1  0   1  0  0  0  0  0/2    13:20   0:00   2:30 
Kyle Palmieri            0  0  0   0  0   1  3  0  0  0  0/0     8:53   0:58   0:00 
Kyle Turris              1  1  2   2  0   4  0  1  0  0  17/24  18:28   2:48   0:00 
Lars Eller               0  0  0   1  2   1  0  0  0  0  7/15   14:43   3:09   0:00 
Nazem Kadri              0  0  0   0  0   3  1  1  0  0  0/2    13:39   3:09   0:00 
Nino Niederreiter        0  0  0   1  17  2  5  0  0  0  0/0    12:07   1:44   0:00 
Oliver Ekman-Larsson     0  3  3   3  0   2  1  1  0  0  0/0    26:50   2:49   5:11 
Rasmus Ristolainen       0  0  0   0  0   0  0  1  0  0  0/0    15:16   3:08   1:13 
Thomas Vanek             1  1  2   2  0   3  0  0  0  0  1/2    18:55   2:48   0:00 

3 Stars

1 - Ondrej Pavelec (BUF)
2 - Oliver Ekman-Larsson (BUF)
3 - Brayden Schenn (BUF)

Power Play

Senators - 0 on 3 Attempt(s) - 0.00%
Sabres - 0 on 3 Attempt(s) - 0.00%

Penalty Kill

Senators - 3 on 3 Attempt(s) - 100.00% - Score 0 goal in Penalty Kill
Sabres - 3 on 3 Attempt(s) - 100.00% - Score 0 goal in Penalty Kill

Team Stat

Senators - Hits : 20 - Faceoff Wins : 34 - Blocked Shots : 7 - Penalty Minutes : 8
Sabres - Hits : 23 - Faceoff Wins : 42 - Blocked Shots : 7 - Penalty Minutes : 21

Official

Referees : Garrett Rank and Mark Lemelin
Linesman : Matt MacPherson and Jonny Murray

Game Notes

Andrew Hammond enters game at 18:01 of 1st period
Nino Niederreiter ejected from game at 15:37 of 2nd period

Finance

Level 1 -- Attendance: 6399 (98.45%) -- Ticket Income $575,910
Level 2 -- Attendance: 5000 (100.00%) -- Ticket Income $375,000
Level 3 -- Attendance: 3234 (92.40%) -- Ticket Income $177,870
Level 4 -- Attendance: 2755 (89.74%) -- Ticket Income $96,425
Luxury Box -- Attendance: 959 (95.90%) -- Ticket Income $191,800
Game was played at the First Niagara Center.
Total Attendance: 18347 (96.21%)
Total Ticket Income: $1,417,005
Other Income: $212,551
Total Income: $1,629,556

% Time on Ice - Senators

Lines # - Real PCT - Wanted PCT - Time Play
Normal Forward
1 - 37% - 36% - 15:59
2 - 36% - 34% - 15:38
3 - 20% - 20% - 8:31
4 - 7% - 10% - 2:59
Normal Defense
1 - 38% - 36% - 16:16
2 - 36% - 34% - 15:22
3 - 18% - 20% - 7:49
4 - 9% - 10% - 3:40
PP Forward
1 - 48% - 50% - 4:20
2 - 52% - 50% - 4:37
PP Defense
1 - 47% - 50% - 4:10
2 - 53% - 50% - 4:47
PK Forward
1 - 51% - 50% - 3:01
2 - 49% - 50% - 2:56
PK Defense
1 - 51% - 50% - 3:02
2 - 49% - 50% - 2:55
PK3 Forward
1 - 0% - 50%
2 - 0% - 50%
PK3 Defense
1 - 0% - 50%
2 - 0% - 50%
44 Forward
1 - 56% - 52% - 1:07
2 - 44% - 48% - 0:52
44 Defense
1 - 44% - 52% - 0:52
2 - 56% - 48% - 1:07
Last Minute Offensive  - 0:00
Last Minute Defensive  - 0:00
Total
Forward - 60:00
Defense - 60:00

% Time on Ice - Sabres

Lines # - Real PCT - Wanted PCT - Time Play
Normal Forward
1 - 36% - 40% - 15:40
2 - 23% - 30% - 10:03
3 - 25% - 20% - 10:50
4 - 15% - 10% - 6:34
Normal Defense
1 - 35% - 40% - 15:00
2 - 33% - 30% - 14:12
3 - 25% - 20% - 10:55
4 - 7% - 10% - 3:00
PP Forward
1 - 53% - 60% - 3:09
2 - 47% - 40% - 2:48
PP Defense
1 - 47% - 60% - 2:49
2 - 53% - 40% - 3:08
PK Forward
1 - 72% - 60% - 6:27
2 - 28% - 40% - 2:30
PK Defense
1 - 58% - 60% - 5:11
2 - 42% - 40% - 3:46
PK3 Forward
1 - 0% - 60%
2 - 0% - 40%
PK3 Defense
1 - 0% - 60%
2 - 0% - 40%
44 Forward
1 - 77% - 60% - 1:32
2 - 23% - 40% - 0:27
44 Defense
1 - 42% - 60% - 0:50
2 - 58% - 40% - 1:09
Last Minute Offensive  - 0:00
Last Minute Defensive  - 0:00
Total
Forward - 60:00
Defense - 60:00

Play by Play

1st period


0:01 of 1st period - Thomas Vanek wins face-off versus Sidney Crosby in neutral zone.
0:32 of 1st period - Shot by Thomas Vanek.
0:32 of 1st period - Goal by Thomas Vanek - Senators : 0 - Sabres : 1.
0:33 of 1st period - Mike Hoffman wins face-off versus Lars Eller in neutral zone.
0:43 of 1st period - Shot by Mark Stone.
0:43 of 1st period - Stopped by Ondrej Pavelec without a rebound.
0:44 of 1st period - Marko Dano wins face-off versus Kris Versteeg in Sabres zone.
0:49 of 1st period - Shot by Milan Michalek.
0:49 of 1st period - Shot Misses the Net.
1:09 of 1st period - Shot by Marko Dano.
1:09 of 1st period - Shot Blocked by Rasmus Ristolainen.
1:55 of 1st period - Shot by Pascal Dupuis.
1:55 of 1st period - Deflect By Mike Hoffman.
1:55 of 1st period - Stopped by Ondrej Pavelec without a rebound.
1:56 of 1st period - Kyle Turris wins face-off versus Eric Staal in Sabres zone.
2:22 of 1st period - Icing by Nino Niederreiter.
2:23 of 1st period - Mike Hoffman wins face-off versus Thomas Vanek in Sabres zone.
2:30 of 1st period - Shot by Kyle Turris.
2:30 of 1st period - Shot Misses the Net.
2:40 of 1st period - Kyle Turris is hit by Pascal Dupuis and loses puck.
3:05 of 1st period - Josh Gorges is hit by Pascal Dupuis and loses puck.
3:18 of 1st period - Jan Hejda is hit by Daniel Winnik and loses puck.
3:59 of 1st period - Shot by Eric Staal.
3:59 of 1st period - Stopped by Ondrej Pavelec without a rebound.
4:00 of 1st period - Brad Boyes wins face-off versus Marko Dano in Sabres zone.
4:02 of 1st period - Johnny Oduya is hit by Devin Setoguchi and loses puck.
4:14 of 1st period - Johnny Oduya is hit by Jared Cowen and loses puck.
4:37 of 1st period - Shot by Marko Dano.
4:37 of 1st period - Stopped by Ondrej Pavelec without a rebound.
4:38 of 1st period - Kyle Turris wins face-off versus Sidney Crosby in Sabres zone.
5:01 of 1st period - Shot by Sidney Crosby.
5:01 of 1st period - Stopped by Ondrej Pavelec with a rebound.
5:21 of 1st period - Icing by Braydon Coburn.
5:22 of 1st period - Marko Dano wins face-off versus Kyle Turris in Sabres zone.
5:38 of 1st period - Icing by Jared Cowen.
5:39 of 1st period - Jacob Josefson wins face-off versus Marko Dano in Senators zone.
5:39 of 1st period - Jacob Josefson is hit by Jared Cowen.
6:13 of 1st period - Shot by Jacob Josefson.
6:13 of 1st period - Stopped by Tuukka Rask without a rebound.
6:14 of 1st period - Daniel Winnik wins face-off versus Sidney Crosby in Senators zone.
6:58 of 1st period - Shot by Eric Staal.
6:58 of 1st period - Shot Blocked by Nazem Kadri.
7:22 of 1st period - Shot by Mike Hoffman.
7:22 of 1st period - Shot Misses the Net.
8:07 of 1st period - Shot by Marko Dano.
8:07 of 1st period - Shot Misses the Net.
8:15 of 1st period - Shot by Jared Cowen.
8:15 of 1st period - Stopped by Ondrej Pavelec without a rebound.
8:16 of 1st period - Jacob Josefson wins face-off versus Marko Dano in Sabres zone.
8:16 of 1st period - Jacob Josefson is hit by Steve Bernier.
8:19 of 1st period - Oliver Ekman-Larsson is hit by Marko Dano and loses puck.
8:31 of 1st period - Icing by Marc Methot.
8:32 of 1st period - Marko Dano wins face-off versus Brad Boyes in Senators zone.
8:37 of 1st period - Shot by Duncan Keith.
8:37 of 1st period - Stopped by Ondrej Pavelec without a rebound.
8:38 of 1st period - Brad Boyes wins face-off versus Sidney Crosby in Sabres zone.
8:50 of 1st period - Shot by Anthony Duclair.
8:50 of 1st period - Shot Blocked by Chris Phillips.
9:09 of 1st period - Off-side.
9:10 of 1st period - Kyle Turris wins face-off versus Mike Hoffman in neutral zone.
9:17 of 1st period - Shot by Nino Niederreiter.
9:17 of 1st period - Stopped by Tuukka Rask without a rebound.
9:18 of 1st period - Jacob Josefson wins face-off versus Mike Hoffman in Senators zone.
13:03 of 1st period - Shot by Milan Michalek.
13:03 of 1st period - Shot Misses the Net.
13:15 of 1st period - Milan Michalek is hit by Nino Niederreiter and loses puck.
13:26 of 1st period - Shot by Thomas Vanek.
13:26 of 1st period - Shot Blocked by Jason Garrison.
13:46 of 1st period - Shot by Lars Eller.
13:46 of 1st period - Shot Misses the Net.
14:41 of 1st period - Minor Penalty to Lars Eller for Slashing.
14:42 of 1st period - Brad Boyes wins face-off versus Mike Hoffman in Sabres zone.
16:35 of 1st period - Brayden Schenn is hit by Milan Michalek and loses puck.
17:31 of 1st period - Shot by Mika Zibanejad.
17:31 of 1st period - Shot Blocked by Oliver Ekman-Larsson.
17:55 of 1st period - Shot by Kris Versteeg.
17:55 of 1st period - Shot Misses the Net.
17:57 of 1st period - Shot by Francois Beauchemin.
17:57 of 1st period - Shot Blocked by Chris Phillips.
17:59 of 1st period - Shot by Jacob Josefson.
17:59 of 1st period - Shot Misses the Net.
18:01 of 1st period - Shot by Jacob Josefson.
18:01 of 1st period - Goal by Jacob Josefson - Senators : 0 - Sabres : 2.
18:01 of 1st period - Andrew Hammond enters game.
18:02 of 1st period - Lars Eller wins face-off versus Mike Hoffman in neutral zone.
18:04 of 1st period - Off-side.
18:05 of 1st period - Jacob Josefson wins face-off versus Mike Hoffman in neutral zone.
18:20 of 1st period - Shot by Mark Stone.
18:20 of 1st period - Stopped by Ondrej Pavelec with a rebound.
19:43 of 1st period - Icing by Marc Methot.
19:44 of 1st period - Kyle Turris wins face-off versus Marko Dano in Senators zone.
Goals for this period are 0 for Senators vs 2 for Sabres.
Shots for this period are 8 for Senators vs 4 for Sabres.

2nd period


0:01 of 2nd period - Sidney Crosby wins face-off versus Kyle Turris in neutral zone.
0:06 of 2nd period - Shot by Mika Zibanejad.
0:06 of 2nd period - Shot Misses the Net.
0:17 of 2nd period - Icing by Oliver Ekman-Larsson.
0:18 of 2nd period - Mike Hoffman wins face-off versus Kyle Turris in Sabres zone.
0:18 of 2nd period - Mike Hoffman is hit by Oliver Ekman-Larsson.
0:30 of 2nd period - Shot by Mark Stone.
0:30 of 2nd period - Shot Misses the Net.
0:32 of 2nd period - Shot by Mark Stone.
0:32 of 2nd period - Stopped by Ondrej Pavelec without a rebound.
0:33 of 2nd period - Sidney Crosby wins face-off versus Daniel Winnik in Sabres zone.
1:16 of 2nd period - Shot by Daniel Winnik.
1:16 of 2nd period - Shot Blocked by Jan Hejda.
1:41 of 2nd period - Nino Niederreiter is hit by Sidney Crosby and loses puck.
2:06 of 2nd period - Jason Garrison is hit by Nino Niederreiter and loses puck.
2:31 of 2nd period - Johnny Oduya is hit by Pascal Dupuis and loses puck.
2:53 of 2nd period - Minor Penalty to Marc Methot for Holding.
2:54 of 2nd period - Marko Dano wins face-off versus Lars Eller in Senators zone.
3:27 of 2nd period - Shot by Nazem Kadri.
3:27 of 2nd period - Stopped by Andrew Hammond without a rebound.
3:28 of 2nd period - Kyle Turris wins face-off versus Marko Dano in Senators zone.
3:33 of 2nd period - Shot by Braydon Coburn.
3:33 of 2nd period - Stopped by Andrew Hammond with a rebound.
3:37 of 2nd period - Shot by Oliver Ekman-Larsson.
3:37 of 2nd period - Stopped by Andrew Hammond with a rebound.
3:39 of 2nd period - Shot by Braydon Coburn.
3:39 of 2nd period - Stopped by Andrew Hammond with a rebound.
4:03 of 2nd period - Shot by Thomas Vanek.
4:03 of 2nd period - Stopped by Andrew Hammond with a rebound.
4:05 of 2nd period - Shot by Nino Niederreiter.
4:05 of 2nd period - Stopped by Andrew Hammond without a rebound.
4:06 of 2nd period - Matt Read wins face-off versus Nazem Kadri in Senators zone.
4:24 of 2nd period - Nazem Kadri is hit by Jan Hejda and loses puck.
4:41 of 2nd period - Shot by Francois Beauchemin.
4:41 of 2nd period - Shot Misses the Net.
5:03 of 2nd period - Shot by Kyle Palmieri.
5:03 of 2nd period - Deflect By Brad Boyes.
5:03 of 2nd period - Stopped by Andrew Hammond without a rebound.
5:04 of 2nd period - Brad Boyes wins face-off versus Sidney Crosby in Senators zone.
5:15 of 2nd period - Shot by Brad Boyes.
5:15 of 2nd period - Shot Misses the Net.
5:17 of 2nd period - Shot by Brad Boyes.
5:17 of 2nd period - Shot Misses the Net.
5:21 of 2nd period - Shot by Anthony Duclair.
5:21 of 2nd period - Shot Blocked by Duncan Keith.
5:23 of 2nd period - Shot by Anthony Duclair.
5:23 of 2nd period - Shot Misses the Net.
5:25 of 2nd period - Shot by Brad Boyes.
5:25 of 2nd period - Shot Misses the Net.
6:01 of 2nd period - Duncan Keith is hit by Nino Niederreiter and loses puck.
6:18 of 2nd period - Shot by Kyle Turris.
6:18 of 2nd period - Stopped by Andrew Hammond without a rebound.
6:19 of 2nd period - Mike Hoffman wins face-off versus Lars Eller in Senators zone.
6:47 of 2nd period - Shot by Mark Stone.
6:47 of 2nd period - Stopped by Ondrej Pavelec with a rebound.
6:53 of 2nd period - Shot by Jared Cowen.
6:53 of 2nd period - Shot Misses the Net.
7:11 of 2nd period - Shot by Steve Bernier.
7:11 of 2nd period - Deflect By Marko Dano.
7:11 of 2nd period - Shot Misses the Net.
7:13 of 2nd period - Shot by Jan Hejda.
7:13 of 2nd period - Stopped by Ondrej Pavelec without a rebound.
7:14 of 2nd period - Marko Dano wins face-off versus Kyle Turris in Sabres zone.
7:48 of 2nd period - Icing by Oliver Ekman-Larsson.
7:49 of 2nd period - Kyle Turris wins face-off versus Sidney Crosby in Sabres zone.
7:55 of 2nd period - Off-side.
7:56 of 2nd period - Mike Hoffman wins face-off versus Jacob Josefson in neutral zone.
8:07 of 2nd period - Jared Cowen is hit by Brayden Schenn and loses puck.
8:36 of 2nd period - Shot by Pascal Dupuis.
8:36 of 2nd period - Shot Misses the Net.
8:58 of 2nd period - Mike Hoffman is hit by Nino Niederreiter and loses puck.
9:25 of 2nd period - Shot by Kyle Turris.
9:25 of 2nd period - Stopped by Andrew Hammond without a rebound.
9:26 of 2nd period - Lars Eller wins face-off versus Sidney Crosby in Senators zone.
9:32 of 2nd period - Daniel Winnik is hit by Marc Methot and loses puck.
9:54 of 2nd period - Minor Penalty to Sidney Crosby for Hooking.
9:55 of 2nd period - Kyle Turris wins face-off versus Marko Dano in Senators zone.
10:07 of 2nd period - Kyle Turris is hit by Marc Methot.
10:23 of 2nd period - Shot by Oliver Ekman-Larsson.
10:23 of 2nd period - Stopped by Andrew Hammond without a rebound.
10:24 of 2nd period - Matt Read wins face-off versus Lars Eller in Senators zone.
10:33 of 2nd period - Brayden Schenn is hit by Matt Read and loses puck.
10:58 of 2nd period - Shot by Lars Eller.
10:58 of 2nd period - Shot Misses the Net.
11:18 of 2nd period - Jason Garrison is hit by Brayden Schenn and loses puck.
12:45 of 2nd period - Josh Gorges is hit by Pascal Dupuis and loses puck.
13:10 of 2nd period - Jason Garrison is hit by Nino Niederreiter and loses puck.
13:34 of 2nd period - Minor Penalty to Nino Niederreiter for Hooking.
13:35 of 2nd period - Sidney Crosby wins face-off versus Brad Boyes in Sabres zone.
13:46 of 2nd period - Johnny Oduya is hit by Marko Dano and loses puck.
13:57 of 2nd period - Shot by Marc Methot.
13:57 of 2nd period - Shot Blocked by Brayden Schenn.
13:59 of 2nd period - Shot by Marc Methot.
13:59 of 2nd period - Deflect By Marko Dano.
13:59 of 2nd period - Stopped by Ondrej Pavelec without a rebound.
14:00 of 2nd period - Mike Hoffman wins face-off versus Brad Boyes in Sabres zone.
14:12 of 2nd period - Shot by Mika Zibanejad.
14:12 of 2nd period - Stopped by Ondrej Pavelec without a rebound.
14:13 of 2nd period - Sidney Crosby wins face-off versus Brad Boyes in Sabres zone.
15:10 of 2nd period - Icing by Jared Cowen.
15:11 of 2nd period - Mike Hoffman wins face-off versus Brayden Schenn in Senators zone.
15:36 of 2nd period - Off-side.
15:37 of 2nd period - Kyle Turris wins face-off versus Marko Dano in neutral zone.
15:37 of 2nd period - Major / Game Misconduct Penalty to Nino Niederreiter for Attempt to injure.
15:37 of 2nd period - Nino Niederreiter is ejected from game.
15:37 of 2nd period - Minor Penalty to Marko Dano for Goalie Interference.
15:38 of 2nd period - Lars Eller wins face-off versus Sidney Crosby in neutral zone.
15:57 of 2nd period - Shot by Brayden Schenn.
15:57 of 2nd period - Stopped by Andrew Hammond without a rebound.
15:58 of 2nd period - Lars Eller wins face-off versus Mike Hoffman in Senators zone.
16:19 of 2nd period - Icing by Josh Gorges.
16:20 of 2nd period - Lars Eller wins face-off versus Sidney Crosby in Sabres zone.
16:39 of 2nd period - Shot by Lars Eller.
16:39 of 2nd period - Stopped by Andrew Hammond without a rebound.
16:40 of 2nd period - Lars Eller wins face-off versus Mike Hoffman in Senators zone.
17:09 of 2nd period - Shot by Brayden Schenn.
17:09 of 2nd period - Goal by Brayden Schenn - Senators : 0 - Sabres : 3.
17:10 of 2nd period - Sidney Crosby wins face-off versus Nazem Kadri in neutral zone.
17:24 of 2nd period - Shot by Duncan Keith.
17:24 of 2nd period - Stopped by Ondrej Pavelec with a rebound.
17:50 of 2nd period - Shot by Mike Hoffman.
17:50 of 2nd period - Shot Misses the Net.
17:52 of 2nd period - Shot by Jared Cowen.
17:52 of 2nd period - Stopped by Ondrej Pavelec without a rebound.
17:53 of 2nd period - Brad Boyes wins face-off versus Sidney Crosby in Sabres zone.
18:21 of 2nd period - Jason Garrison is hit by Daniel Winnik and loses puck.
19:24 of 2nd period - Shot by Mark Stone.
19:24 of 2nd period - Shot Misses the Net.
Goals for this period are 0 for Senators vs 1 for Sabres.
Shots for this period are 7 for Senators vs 13 for Sabres.

3rd period


0:01 of 3rd period - Brad Boyes wins face-off versus Mike Hoffman in neutral zone.
0:04 of 3rd period - Jason Garrison is hit by Daniel Winnik and loses puck.
0:21 of 3rd period - Shot by Sergei Gonchar.
0:21 of 3rd period - Stopped by Ondrej Pavelec without a rebound.
0:22 of 3rd period - Brad Boyes wins face-off versus Sidney Crosby in Sabres zone.
0:33 of 3rd period - Shot by Pascal Dupuis.
0:33 of 3rd period - Shot Misses the Net.
0:35 of 3rd period - Shot by Jared Cowen.
0:35 of 3rd period - Stopped by Ondrej Pavelec without a rebound.
0:36 of 3rd period - Brad Boyes wins face-off versus Mike Hoffman in Sabres zone.
0:38 of 3rd period - Icing by Johnny Oduya.
0:39 of 3rd period - Sidney Crosby wins face-off versus Kyle Turris in Sabres zone.
0:49 of 3rd period - Braydon Coburn is hit by Mika Zibanejad and loses puck.
0:57 of 3rd period - Thomas Vanek is hit by Marc Methot.
1:09 of 3rd period - Shot by Kyle Turris.
1:09 of 3rd period - Shot Misses the Net.
1:11 of 3rd period - Shot by Braydon Coburn.
1:11 of 3rd period - Stopped by Andrew Hammond without a rebound.
1:12 of 3rd period - Pascal Dupuis wins face-off versus Jacob Josefson in Senators zone.
1:20 of 3rd period - Icing by Francois Beauchemin.
1:21 of 3rd period - Jacob Josefson wins face-off versus Mike Hoffman in Sabres zone.
1:28 of 3rd period - Shot by Kris Versteeg.
1:28 of 3rd period - Stopped by Andrew Hammond without a rebound.
1:29 of 3rd period - Kyle Turris wins face-off versus Sidney Crosby in Senators zone.
1:38 of 3rd period - Duncan Keith is hit by Daniel Winnik.
2:14 of 3rd period - Shot by Eric Staal.
2:14 of 3rd period - Shot Misses the Net.
2:31 of 3rd period - Duncan Keith is hit by Brayden Schenn.
2:34 of 3rd period - Marc Methot is hit by Brayden Schenn and loses puck.
2:56 of 3rd period - Mike Hoffman is hit by Josh Gorges and loses puck.
3:00 of 3rd period - Minor Penalty to Francois Beauchemin for Hooking.
3:01 of 3rd period - Brad Boyes wins face-off versus Mike Hoffman in Sabres zone.
3:12 of 3rd period - Shot by Marko Dano.
3:12 of 3rd period - Stopped by Ondrej Pavelec without a rebound.
3:13 of 3rd period - Mike Hoffman wins face-off versus Brad Boyes in Sabres zone.
3:42 of 3rd period - Icing by Jared Cowen.
3:43 of 3rd period - Mike Hoffman wins face-off versus Brayden Schenn in Senators zone.
3:43 of 3rd period - Mike Hoffman is hit by Brayden Schenn.
3:57 of 3rd period - Icing by Jan Hejda.
3:58 of 3rd period - Mike Hoffman wins face-off versus Brad Boyes in Senators zone.
5:07 of 3rd period - Icing by Marc Methot.
5:08 of 3rd period - Kyle Turris wins face-off versus Marko Dano in Senators zone.
5:23 of 3rd period - Shot by Marc Methot.
5:23 of 3rd period - Stopped by Ondrej Pavelec with a rebound.
5:35 of 3rd period - Marc Methot is hit by Kyle Palmieri and loses puck.
6:24 of 3rd period - Shot by Mike Hoffman.
6:24 of 3rd period - Stopped by Ondrej Pavelec without a rebound.
6:25 of 3rd period - Sidney Crosby wins face-off versus Lars Eller in Sabres zone.
6:50 of 3rd period - Shot by Daniel Winnik.
6:50 of 3rd period - Stopped by Andrew Hammond with a rebound.
6:54 of 3rd period - Shot by Daniel Winnik.
6:54 of 3rd period - Shot Hit the Post.
7:02 of 3rd period - Shot by Nazem Kadri.
7:02 of 3rd period - Stopped by Andrew Hammond without a rebound.
7:03 of 3rd period - Mike Hoffman wins face-off versus Jacob Josefson in Senators zone.
7:03 of 3rd period - Mike Hoffman is hit by Brayden Schenn.
7:11 of 3rd period - Shot by Mike Hoffman.
7:11 of 3rd period - Shot Misses the Net.
7:52 of 3rd period - Icing by Chris Phillips.
7:53 of 3rd period - Kyle Turris wins face-off versus Mike Hoffman in Senators zone.
8:12 of 3rd period - Shot by Kyle Turris.
8:12 of 3rd period - Goal by Kyle Turris - Senators : 0 - Sabres : 4.
8:13 of 3rd period - Anthony Duclair wins face-off versus Sidney Crosby in neutral zone.
8:16 of 3rd period - Shot by Kyle Palmieri.
8:16 of 3rd period - Shot Blocked by Jason Garrison.
8:21 of 3rd period - Sidney Crosby is hit by Kyle Palmieri and loses puck.
9:24 of 3rd period - Shot by Daniel Winnik.
9:24 of 3rd period - Shot Misses the Net.
9:26 of 3rd period - Shot by Daniel Winnik.
9:26 of 3rd period - Stopped by Andrew Hammond without a rebound.
9:27 of 3rd period - Matt Read wins face-off versus Lars Eller in Senators zone.
9:45 of 3rd period - Shot by Nazem Kadri.
9:45 of 3rd period - Stopped by Andrew Hammond without a rebound.
9:46 of 3rd period - Kyle Turris wins face-off versus Mike Hoffman in Senators zone.
9:54 of 3rd period - Off-side.
9:55 of 3rd period - Kyle Turris wins face-off versus Sidney Crosby in neutral zone.
10:04 of 3rd period - Shot by Kyle Turris.
10:04 of 3rd period - Shot Misses the Net.
10:11 of 3rd period - Off-side.
10:12 of 3rd period - Mike Hoffman wins face-off versus Jacob Josefson in neutral zone.
10:51 of 3rd period - Shot by Mark Stone.
10:51 of 3rd period - Stopped by Ondrej Pavelec without a rebound.
10:52 of 3rd period - Sidney Crosby wins face-off versus Lars Eller in Sabres zone.
10:53 of 3rd period - Shot by Eric Staal.
10:53 of 3rd period - Shot Misses the Net.
11:11 of 3rd period - Shot by Daniel Winnik.
11:11 of 3rd period - Shot Misses the Net.
11:13 of 3rd period - Shot by Braydon Coburn.
11:13 of 3rd period - Stopped by Andrew Hammond with a rebound.
11:31 of 3rd period - Shot by Eric Staal.
11:31 of 3rd period - Stopped by Ondrej Pavelec with a rebound.
11:47 of 3rd period - Sidney Crosby is hit by Kyle Palmieri and loses puck.
12:02 of 3rd period - Shot by Milan Michalek.
12:02 of 3rd period - Shot Misses the Net.
12:04 of 3rd period - Shot by Marc Methot.
12:04 of 3rd period - Stopped by Ondrej Pavelec without a rebound.
12:05 of 3rd period - Mike Hoffman wins face-off versus Kris Versteeg in Sabres zone.
12:05 of 3rd period - Duncan Keith is hit by Francois Beauchemin and loses puck.
12:26 of 3rd period - Shot by Mike Hoffman.
12:26 of 3rd period - Shot Misses the Net.
12:39 of 3rd period - Shot by Duncan Keith.
12:39 of 3rd period - Stopped by Ondrej Pavelec without a rebound.
12:40 of 3rd period - Kyle Turris wins face-off versus Marko Dano in Sabres zone.
12:40 of 3rd period - Kyle Turris is hit by Marko Dano.
12:47 of 3rd period - Kyle Turris is hit by Chris Phillips and loses puck.
12:56 of 3rd period - Shot by Marko Dano.
12:56 of 3rd period - Shot Blocked by Kyle Turris.
12:58 of 3rd period - Shot by Chris Phillips.
12:58 of 3rd period - Stopped by Ondrej Pavelec without a rebound.
12:59 of 3rd period - Brad Boyes wins face-off versus Sidney Crosby in Sabres zone.
13:15 of 3rd period - Shot by Brad Boyes.
13:15 of 3rd period - Shot Blocked by Duncan Keith.
13:19 of 3rd period - Shot by Kyle Palmieri.
13:19 of 3rd period - Stopped by Andrew Hammond without a rebound.
13:20 of 3rd period - Kyle Turris wins face-off versus Pascal Dupuis in Senators zone.
15:18 of 3rd period - Shot by Marko Dano.
15:18 of 3rd period - Shot Misses the Net.
15:26 of 3rd period - Shot by Steve Bernier.
15:26 of 3rd period - Stopped by Ondrej Pavelec without a rebound.
15:27 of 3rd period - Marko Dano wins face-off versus Lars Eller in Sabres zone.
15:27 of 3rd period - Marko Dano is hit by Braydon Coburn.
15:38 of 3rd period - Icing by Daniel Winnik.
15:39 of 3rd period - Lars Eller wins face-off versus Mike Hoffman in Sabres zone.
16:03 of 3rd period - Minor Penalty to Jan Hejda for Hooking.
16:04 of 3rd period - Kyle Turris wins face-off versus Marko Dano in Senators zone.
16:05 of 3rd period - Shot by Kyle Palmieri.
16:05 of 3rd period - Deflect By Thomas Vanek.
16:05 of 3rd period - Shot Misses the Net.
16:07 of 3rd period - Shot by Kyle Turris.
16:07 of 3rd period - Stopped by Andrew Hammond without a rebound.
16:08 of 3rd period - Kyle Turris wins face-off versus Marko Dano in Senators zone.
16:13 of 3rd period - Shot by Braydon Coburn.
16:13 of 3rd period - Stopped by Andrew Hammond without a rebound.
16:14 of 3rd period - Marko Dano wins face-off versus Kyle Turris in Senators zone.
17:23 of 3rd period - Jason Garrison is hit by Nazem Kadri and loses puck.
18:14 of 3rd period - Shot by Mark Stone.
18:14 of 3rd period - Shot Misses the Net.
18:26 of 3rd period - Shot by Pascal Dupuis.
18:26 of 3rd period - Stopped by Ondrej Pavelec with a rebound.
18:44 of 3rd period - Shot by Mike Hoffman.
18:44 of 3rd period - Shot Blocked by Francois Beauchemin.
18:53 of 3rd period - Off-side.
18:54 of 3rd period - Sidney Crosby wins face-off versus Kyle Turris in neutral zone.
19:05 of 3rd period - Shot by Sidney Crosby.
19:05 of 3rd period - Shot Blocked by Daniel Winnik.
19:21 of 3rd period - Shot by Thomas Vanek.
19:21 of 3rd period - Stopped by Andrew Hammond without a rebound.
19:22 of 3rd period - Milan Michalek wins face-off versus Jacob Josefson in Senators zone.
Goals for this period are 0 for Senators vs 1 for Sabres.
Shots for this period are 12 for Senators vs 12 for Sabres.